Map: World of Sleepers LE

Players

Zed

  • Race: Terran Terran
  • League: Diamond
  • Spawn Location: 1:00

ZergisOP - Winner!

  • Race: Zerg Zerg
  • League: Diamond
  • Spawn Location: 7:00

VOD

Have the link to the VOD?

Description

Time

  • Played on: Feb. 2, 2020, 1:39 p.m.
  • Length: 6:27
Show
View Real Time Build Order
Export as new Build Order

Zed Terran 

Build Orders: Reaper Expand 

Get SALT Encoding   

  12  0:01  SCV  
  13  0:13  SCV  
  14  0:17  Supply Depot  
  14  0:25  SCV  
  15  0:38  SCV  
  15  0:40  Barracks  
  16  0:44  Refinery  
  16  0:51  SCV  
  17  1:08  SCV  
  18  1:21  SCV  
  19  1:30  Reaper  
  20  1:33  Orbital Command  
  20  1:41  Command Center  
  20  1:59  SCV  
  21  2:04  Marine  
  22  2:11  SCV  
  22  2:12  Factory  
  22  2:15  Supply Depot  
  23  2:30  Barracks Reactor  
  23  2:36  SCV  
  24  2:48  SCV  
  25  2:53  Refinery  
  25  2:55  Barracks  
  25  3:03  Orbital Command  
  25  3:12  Hellion  
  29  3:13  Hellion  
  29  3:17  Barracks Tech Lab  
  29  3:21  SCV  
  30  3:34  SCV  
  31  3:46  SCV  
  32  3:51  Barracks Reactor  
  32  3:53  Starport  
  32  3:57  Barracks  
  32  4:00  SCV x2, Barracks  
  34  4:08  Siege Tank  
  37  4:11  Bunker  
  37  4:12  SCV x2  
  37  4:14  Marine x2  
  41  4:24  SCV  
  41  4:26  SCV  
  43  4:35  Marine x2  
  43  4:36  SCV  
  46  4:48  Supply Depot  
  46  4:50  Supply Depot  
  46  5:08  Marine x2  
  46  5:09  Marine x4, Siege Tank  
  46  5:11  Liberator  
  47  5:26  Marine x2  
  47  5:27  Marine x2  
  41  5:34  SCV x2  
  39  5:40  Marine x2  
  31  5:46  SCV  
  27  6:01  Marine x2  
  27  6:02  Marine x3  
Show
View Real Time Build Order
Export as new Build Order

ZergisOP Zerg - Winner!

Build Orders: Pool First, Roach Nydus 

Get SALT Encoding   

  12  0:01  Drone  
  13  0:13  Overlord  
  13  0:21  Drone  
  14  0:27  Extractor  
  13  0:31  Drone  
  13  0:33  Drone  
  15  0:39  Drone  
  16  0:46  Drone  
  17  0:55  Spawning Pool  
  16  1:19  Hatchery  
  16  1:21  Drone  
  16  1:26  Drone  
  16  1:30  Drone  
  18  1:42  Queen  
  18  1:46  Zergling x2  
  21  1:50  Zergling x2  
  22  1:58  Drone, Extractor  
  22  2:05  Overlord  
  22  2:17  Roach Warren  
  21  2:26  Lair  
  21  2:33  Drone x2  
  23  2:49  Drone x2  
  25  2:54  Overlord  
  25  2:55  Drone  
  26  3:05  Roach x2  
  30  3:22  Roach  
  30  3:23  Glial Reconstitution  
  30  3:25  Roach  
  34  3:28  Roach  
  36  3:47  Roach x2  
  36  3:48  Roach x2  
  44  3:53  Overlord  
  44  4:05  Nydus Network  
  43  4:10  Overlord  
  43  4:23  Roach x2  
  49  4:24  Roach  
  49  4:38  Roach  
  49  4:39  Roach x2  
  55  4:47  Nydus Canal  
  55  5:00  Roach  
  55  5:01  Roach  
  55  5:02  Overlord  
  55  5:17  Zergling x2  
  54  5:24  Roach  
  54  5:25  Roach x4  
  52  5:41  Roach  
  52  5:42  Roach x3  
  58  5:49  Roach  
  45  6:17  Nydus Canal  
Tags
 
Add a new tag
Caveats
  • Supply blocks, unpowered buildings, or Contaminate may cause inaccurate times.
  • Supply counts are checked every 10 seconds.